 Dungeon Crawl Stone Soup version 0.30.1-11-g7821555f0a (webtiles) character file.

Game seed: 5560915654528907325

411 AppTheSpectato the Shooter (level 6, -4/56 HPs)
             Began as a Minotaur Hunter on Nov 2, 2023.
             Slain by a gnoll
             ... wielding a +0 whip
              (6 damage)
             ... on level 4 of the Dungeon.
             The game lasted 00:08:40 (2576 turns).

AppTheSpectato the Shooter (Minotaur Hunter)        Turns: 2576, Time: 00:08:41

Health: -4/56      AC:  4    Str: 16    XL:     6   Next: 58%
Magic:  5/5        EV: 13    Int:  6    God:
Gold:   84         SH:  0    Dex: 15    Spells: 5/5 levels left

rFire   . . .        a - +0 shortbow
rCold   + . .        (shield currently unavailable)
rNeg    . . .        c - +0 leather armour
rPois   .            (helmet restricted)
rElec   .            l - +0 cloak
rCorr   .            (no gloves)
SInv    .            (no boots)
Will    .....        (no amulet)
Stlth   +            j - ring of protection from cold
HPRegen 0.29/turn    (no ring)
MPRegen 0.09/turn

%: no passive effects
@: hasted, very quick
A: horns 2, retaliatory headbutt
a: no special abilities


You were on level 4 of the Dungeon.
You visited 1 branch of the dungeon, and saw 4 of its levels.

You collected 84 gold pieces.

Inventory:

Hand Weapons
 a - a +0 shortbow (weapon)
Missiles
 e - 3 curare-tipped darts
Armour
 c - a +0 leather armour (worn)
 l - a +0 cloak (worn)
Jewellery
 j - a ring of protection from cold (left hand)
Wands
 k - a wand of charming (7)
Scrolls
 b - a scroll of immolation
 d - 4 scrolls of identify {unknown}
 n - 2 scrolls of teleportation {unknown}
 q - a scroll of magic mapping {unknown}
Potions
 g - 2 potions of lignification {unknown}
 i - 2 potions of curing {unknown}
 m - a potion of flight {unknown}
 o - a potion of heal wounds {unknown}
 p - a potion of degeneration {unknown}


   Skills:
 + Level 5.3 Fighting
 + Level 6.1 Ranged Weapons
 + Level 4.8 Dodging
 - Level 0.7 Stealth


You had 5 spell levels left.
You didn't know any spells.
Your spell library contained the following spells:

 Spells                   Type           Power      Damage    Failure   Level
 Apportation              Tloc           0%         N/A       52%         1
 Necrotise                Necr           0%         1d4       52%         1
 Summon Small Mammal      Summ           0%         N/A       52%         1
 Scorch                   Fire           0%         2d5       67%         2
 Sublimation of Blood     Necr           0%         N/A       67%         2
 Wereblood                Tmut           0%         N/A       67%         2
 Flame Wave               Conj/Fire      0%         2d4       99%         4
 Summon Cactus Giant      Summ           0%         N/A       100%        6
 Summon Hydra             Summ           0%         N/A       100%        7


Dungeon Overview and Level Annotations

Branches:
Dungeon (4/15)
 Temple: D:4-7

Altars:

Shops:
D:1 ?


Innate Abilities, Weirdness & Mutations

You have a pair of horns on your head.
You reflexively headbutt those who attack you in melee.


Message History

You headbutt the iguana.
You kill the iguana!
You shoot an arrow. The arrow closely misses the gnoll.
The arrow hits the gnoll.
The gnoll is lightly wounded.
You feel very sick.
You shoot an arrow. The arrow hits the gnoll.
The gnoll is lightly wounded.
You feel very sick. The gnoll hits you with a +0 whip!
You are too injured to fight recklessly!
You are too injured to fight recklessly!
You are too injured to fight recklessly!
You feel sick. The gnoll closely misses you.
You feel sick.
You feel sick.
You see here a ball python corpse.
You feel sick.
You feel sick.
You feel sick. The gnoll attacks as you move away!
The gnoll hits you with a +0 whip.
* * * LOW HITPOINT WARNING * * *
You feel sick.
You are no longer poisoned.
You are too injured to fight recklessly!
You are too injured to fight recklessly!
Okay, then.
As you read the scroll labelled MEHEEJ NIFUSKY, it crumbles to dust.
It is a scroll of amnesia.
You feel forgetful for a moment. The gnoll hits you with a +0 whip.
* * * LOW HITPOINT WARNING * * *
As you read the scroll labelled WIHILLINULE, it crumbles to dust.
Your body is wracked with pain!
* * * LOW HITPOINT WARNING * * *
The gnoll convulses!
The hobgoblin convulses!
The gnoll convulses! x2
It was a scroll of torment.
The hobgoblin throws a stone.
The stone hits you.
* * * LOW HITPOINT WARNING * * *
It was a potion of haste.
You feel yourself speed up. The gnoll hits you with a +0 whip.
You die...

. #.# .. #.#
..####### #)#
........# #.#
.....?..# #.#
........# #.#
##########
........# ###.#
#.......†.
........## #...#
#.#######.
.........#
###@### #.# #.
.......gg#
##ggg# #.# #.
########.#
#..### #.# #.
#.####g## #.# #.
#.g.†.># #.# #.
######.# #.# #.
#.#
#######.#######.
#.#
#.......##......
######.#
#.########.#####


You could see 3 gnolls and a hobgoblin.

Vanquished Creatures
  A water moccasin zombie (D:4)
  A water moccasin skeleton (D:4)
  A scorpion zombie (D:4)
  Jessica (D:2)
  An iguana (D:4)
  Natasha (twice) (D:4)
  2 orc wizards (D:4)
  Robin (D:2)
  3 adders (D:3)
  An adder skeleton (D:4)
  A worm (D:3)
  An adder simulacrum (D:4)
  2 dart slugs
  4 orcs (D:4)
  9 endoplasms
  2 giant cockroaches
  11 goblins
  9 hobgoblins
  3 jackals (D:4)
  3 quokkas
  2 ball pythons
  6 bats
  2 frilled lizards
  7 kobolds
  2 rats
78 creatures vanquished.

Notes
Turn   | Place    | Note
-------+----------+-------------------------------------------
     0 | D:1      | AppTheSpectato the Minotaur Hunter began the quest for the
                  | Orb.
     0 | D:1      | Reached XP level 1. HP: 18/18 MP: 0/0
    72 | D:1      | Reached XP level 2. HP: 25/25 MP: 1/1
   196 | D:1      | Found Rewus's Magic Scroll Shop.
   601 | D:2      | Noticed Jessica
   602 | D:2      | Noticed Robin
   605 | D:2      | Reached XP level 3. HP: 28/31 MP: 2/2
   619 | D:2      | Killed Robin
   628 | D:2      | Killed Jessica
   629 | D:2      | Reached skill level 5 in Ranged Weapons
   629 | D:2      | Reached XP level 4. HP: 40/40 MP: 3/3
  2098 | D:4      | Reached XP level 5. HP: 33/46 MP: 4/4
  2283 | D:4      | Noticed Natasha
  2311 | D:4      | Killed Natasha
  2324 | D:4      | Reached XP level 6. HP: 24/55 MP: 5/5
  2335 | D:4      | Reached skill level 5 in Fighting
  2348 | D:4      | Reached skill level 6 in Ranged Weapons
  2401 | D:4      | Noticed Natasha
  2406 | D:4      | Killed Natasha
  2575 | D:4      | HP: 1/56 [hobgoblin/stone (3)]
  2576 | D:4      | Slain by a gnoll

Illustrated notes

Levels and vault maps discovered:
D:1:      dpeg_arrival_houses_and_road, layout_rooms, serial_shops, shop
D:2:      layout_loops_ring, uniq_jessica, uniq_robin
D:3:      layout_basic, minmay_crystal_room
D:4:      gammafunk_cloud_chamber, layout_basic, dilly_guarded_unrand_morg,
          uniq_pikel

Skill      XL: |  1  2  3  4  5  6 |
---------------+-------------------+-----
Fighting       | 3 4 5 |  5.3
Dodging        | 3 4 |  4.8
Ranged Weapons | 5 6 |  6.1
Stealth        | |  0.7

Action                     |  1- 3 |  4- 6 || total
---------------------------+-------+-------++-------
   Fire: Shortbow          |    66 |   168 ||   234
    Use: Scroll            |       |     2 ||     2
         Potion            |       |     1 ||     1
 Armour: Leather armour    |     3 |    18 ||    21
  Dodge: Dodged            |    13 |    47 ||    60
